 Dungeon Crawl Stone Soup version 0.28.0-1-gb440e238dd (webtiles) character file.

Game seed: 6679435438302501638

3777 egresovca the Destroyer (level 9, -1/59 HPs)
             Began as a Demonspawn Conjurer on Feb 24, 2022.
             Was an Initiate of Gozag.
             Killed from afar by Maggie (21 damage)
             ... with a bolt of fire
             ... on level 7 of the Dungeon.
             The game lasted 00:24:04 (10967 turns).

egresovca the Destroyer (Demonspawn Conjurer)      Turns: 10967, Time: 00:24:04

Health: -1/59      AC: 11    Str:  9    XL:     9   Next: 95%
Magic:  2/20       EV: 12    Int: 22    God:    Gozag
Gold:   370        SH:  0    Dex: 12    Spells: 15/22 levels left

rFire   . . .      SeeInvis .   w - +2 whip (venom)
rCold   . . .      Faith    .   (no shield)
rNeg    . . .      Spirit   .   h - +2 robe {Will+}
rPois   .          Reflect  .   q - +0 helmet
rElec   .          Harm     .   (no cloak)
rCorr   .          Rampage  .   e - +1 pair of gloves
Will    +....                   u - +0 pair of boots
Stlth   ++........              (no amulet)
HPRegen 0.19/turn               (no ring)
MPRegen 0.17/turn               (no ring)

@: mesmerised, studying Maces & Flails
A: icy blue scales 2, foul stench 1, weakness stinger 2
a: Renounce Religion, Potion Petition, Call Merchant, Bribe Branch


You were on level 7 of the Dungeon.
You worshipped Gozag.
Gozag was aware of your devotion.
You visited 2 branches of the dungeon, and saw 8 of its levels.

You collected 524 gold pieces.
You paid 154 gold pieces to Gozag.

Inventory:

Hand Weapons
 a - a +0 morningstar
 v - a +1 antimagic war axe
 w - a +2 whip of venom (weapon)
 x - a +11 giant spiked club
 y - a +2 vorpal flail
 z - the +10 falchion of Fear {vorpal, rElec rF- rN+}
   (You found it on level 7 of the Dungeon)

   It inflicts extra damage upon your enemies.
   rF:        It makes you vulnerable to fire.
   rElec:     It insulates you from electricity.
   rN:        It protects you from negative energy.
Armour
 e - a +1 pair of gloves (worn)
 h - a +2 robe of willpower (worn)
 q - a +0 helmet (worn)
 u - a +0 pair of boots (worn)
Jewellery
 s - an amulet of faith
Wands
 o - a wand of mindburst (3)
Scrolls
 c - 2 scrolls of magic mapping
 g - a scroll of enchant armour
 l - 3 scrolls of teleportation
Potions
 b - a potion of berserk rage {unknown}
 d - a potion of heal wounds {unknown}
 f - 2 potions of flight {unknown}
 i - 4 potions of curing
 j - a potion of invisibility {unknown}
 k - a potion of magic {unknown}
 m - 2 potions of might {unknown}
 n - a potion of lignification {unknown}
 p - a potion of brilliance {unknown}
 r - a potion of degeneration {unknown}
 t - a potion of mutation {unknown}


   Skills:
 + Level 1.1 Fighting
 + Level 5.2 Maces & Flails
 + Level 1.0 Armour
 + Level 2.2 Dodging
 - Level 1.7 Stealth
 - Level 7.3 Spellcasting
 - Level 9.5 Conjurations
 - Level 6.8 Hexes


You had 15 spell levels left.
You knew the following spells:

 Your Spells              Type           Power      Damage    Failure   Level
a - Magic Dart            Conj           100%       1d8       1%          1
b - Searing Ray           Conj           100%       2d8       1%          2
c - Fulminant Prism       Conj/Hex       22%        3d13      2%          4

Your spell library contained the following spells:

 Spells                   Type           Power      Damage    Failure   Level
 Dazzling Flash           Conj/Hex       88%        N/A       1%          3
 Iskenderun's Mystic Bla  Conj/Tloc      29%        2d7       11%         4
 Ozocubu's Armour         Ice            8%         N/A       24%         3
 Summon Forest            Summ/Tloc      4%         N/A       91%         5
 Eringya's Noxious Bog    Tmut/Pois      4%         N/A       100%        6
 Ozocubu's Refrigeration  Ice            4%         4d5       100%        7
 Summon Hydra             Summ           4%         N/A       100%        7


Dungeon Overview and Level Annotations

Branches:
Dungeon (7/15)             Temple (1/1) D:7

Altars:
Cheibriados
Dithmenos
Elyvilon
Fedhas
Gozag
Qazlal
Sif Muna
Trog
Uskayaw
Wu Jian
Yredelemnul
The Shining One

Annotations:
D:3 exclusion: downstairs
D:4 2 transporters, exclusion: 2 downstairs, themarg's ghost, novice MiBe
D:6 exclusion: downstairs
D:7 Maggie


Innate Abilities, Weirdness & Mutations

You are mostly covered in icy blue scales. (AC +3)
You may rarely emit foul miasma when damaged in melee.
You have a tail ending in a sharp stinger.


Message History

Maggie attempts to bespell you!
You are mesmerised by Maggie!
You cannot move away from Maggie!
Casting: Fulminant Prism (dangerous; 2% risk of failure)
Confirm with . or Enter, or press ? or * to list all spells.
Aiming: Fulminant Prism (dangerous; 2% risk of failure)
Press: ? - help, Dir - move target You conjure a prism of explosive energy!
A fulminant prism comes into view.
Your fulminant prism crackles loudly.
Unknown command.
Maggie casts a spell.
Maggie draws you further into her thrall.
Your fulminant prism explodes!
The blast of energy engulfs Maggie!
Maggie is almost dead.
Unknown command.
Unknown command.
Maggie hits you from afar with a +1 halberd of flaming!
Maggie burns you.
Maggie hits you with a +1 halberd of flaming.
Maggie burns you.
You barely miss Maggie.
Maggie is almost dead.
Maggie gestures wildly while chanting.
Maggie draws you further into her thrall.
You hit Maggie.
Maggie is almost dead.
Maggie hits you with a +1 halberd of flaming!
Maggie burns you.
You completely miss Maggie.
Maggie is almost dead.
Maggie hits you with a +1 halberd of flaming!
Maggie burns you.
You closely miss Maggie. You tail-slap Maggie.
Maggie is almost dead.
Maggie casts a spell at you. The bolt of fire hits you!!
You die...
Your body crumbles into a pile of gold.

##########################
.'...#...................#
.#...#.............>..)..#
.#...'..........@........#
.#...#..........@........#
.#...#...................#
.#...#...................#
.#...#..)..............<.#
####.##)##..##...####....#
#######)###'####'####....#
........#..).............#
......).#................#
........#................#


You could see Maggie (mesmerising).

Vanquished Creatures
  A two-headed ogre (D:5)
  Pikel (D:7)
  Edmund (D:6)
  Menkaure (D:7)
  3 black bears
  An ice beast (D:5)
  2 orc warriors
  A necrophage (D:5)
  A centaur (D:6)
  3 lemures (D:7)
  2 bullfrogs
  A kobold brigand (D:6)
  5 scorpions
  A gnoll sergeant (D:5)
  A wyvern skeleton (D:6)
  5 wights (D:7)
  2 howler monkeys
  A centaur zombie (D:7)
  2 bullfrog zombies
  4 hounds
  An orc priest (D:6)
  3 jellies
  3 bullfrog skeletons (D:5)
  A centaur skeleton (D:7)
  5 iguanas
  Natasha (thrice) (D:3)
  4 orc wizards
  A killer bee zombie (D:7)
  2 gnolls
  5 adders
  A white imp (D:7)
  An ufetubus (D:6)
  An adder skeleton (D:4)
  4 worms
  2 dart slugs
  23 orcs
  6 ball pythons
  9 endoplasms
  5 giant cockroaches
  14 goblins
  2 hobgoblins
  8 jackals
  6 quokkas
  5 bats (D:1)
  A frilled lizard (D:2)
  12 kobolds
  6 rats
  A fulminant prism (D:5)
174 creatures vanquished.

Vanquished Creatures (others)
  62 fulminant prisms
62 creatures vanquished.

Grand Total: 236 creatures vanquished

Notes
Turn   | Place    | Note
-------+----------+-------------------------------------------
     0 | D:1      | egresovca the Demonspawn Conjurer began the quest for the
                  | Orb.
     0 | D:1      | Reached XP level 1. HP: 13/13 MP: 3/3
   467 | D:1      | Gained mutation: You may rarely emit foul miasma when
                  | damaged in melee. [demonic ancestry]
   467 | D:1      | Reached XP level 2. HP: 8/19 MP: 0/5
   518 | D:1      | Learned a level 2 spell: Searing Ray
   872 | D:1      | Found a faded altar of an unknown god.
   961 | D:1      | Reached XP level 3. HP: 18/24 MP: 1/6
  1297 | D:1      | Reached skill level 5 in Conjurations
  2219 | D:2      | Gained mutation: You have a small tail. [demonic ancestry]
  2219 | D:2      | Reached XP level 4. HP: 30/30 MP: 1/7
  3123 | D:3      | Learned a level 4 spell: Fulminant Prism
  3536 | D:3      | Noticed Natasha
  3541 | D:3      | Killed Natasha
  3735 | D:3      | Noticed Natasha
  3739 | D:3      | Killed Natasha
  3740 | D:3      | Gained mutation: You are partially covered in icy blue
                  | scales. (AC +2) [demonic ancestry]
  3740 | D:3      | Reached XP level 5. HP: 30/35 MP: 4/9
  3828 | D:3      | Reached skill level 6 in Conjurations
  3828 | D:3      | Reached skill level 1 in Hexes
  4118 | D:3      | Noticed Natasha
  4122 | D:3      | Killed Natasha
  4687 | D:4      | Noticed an orc warrior
  4791 | D:4      | Reached XP level 6. HP: 41/41 MP: 4/10
  4898 | D:4      | Found a transporter.
  4900 | D:4      | Noticed themarg's ghost (novice MiBe)
  5629 | D:4      | Killed an orc warrior
  5870 | D:5      | Entered Level 5 of the Dungeon
  6032 | D:5      | Noticed a two-headed ogre
  6142 | D:4      | Found a transporter.
  6357 | D:5      | Reached skill level 7 in Conjurations
  6357 | D:5      | Gained mutation: You are mostly covered in icy blue scales.
                  | (AC +3) [demonic ancestry]
  6357 | D:5      | Reached XP level 7. HP: 46/46 MP: 4/13
  7137 | D:5      | Reached skill level 5 in Spellcasting
  7360 | D:5      | Killed a two-headed ogre
  7361 | D:5      | Reached skill level 8 in Conjurations
  7361 | D:5      | Reached XP level 8. HP: 52/52 MP: 1/17
  7905 | D:5      | Reached skill level 5 in Hexes
  8023 | D:5      | Found a basalt altar of Yredelemnul.
  8630 | D:6      | Gained mutation: You have a tail ending in a sharp stinger.
                  | [demonic ancestry]
  8630 | D:6      | Reached XP level 9. HP: 57/57 MP: 10/18
  8633 | D:6      | Reached skill level 1 in Maces & Flails
  9257 | D:6      | Noticed Edmund
  9365 | D:6      | Killed Edmund
  9634 | D:7      | Noticed Maggie
  9643 | D:6      | Reached skill level 9 in Conjurations
  9914 | D:7      | Noticed Pikel
  9918 | D:7      | Killed Pikel
  9993 | D:7      | Noticed Menkaure
  9996 | D:7      | Killed Menkaure
 10202 | D:7      | Found a staircase to the Ecumenical Temple.
 10221 | Temple   | Entered the Ecumenical Temple
 10278 | Temple   | Became a worshipper of Gozag Ym Sagoz the Greedy
 10627 | D:7      | Reached skill level 5 in Maces & Flails
 10770 | D:7      | Identified the +10 falchion of Fear {vorpal, rElec rF- rN+}
 10804 | D:7      | Reached skill level 1 in Fighting
 10833 | D:7      | Reached skill level 1 in Armour
 10967 | D:7      | Killed from afar by Maggie

Illustrated notes

Levels and vault maps discovered:
D:1:      dpeg_arrival_pond, layout_loops_ring, ebering_ecumenical_altar_rust,
          minmay_misc_feat_tiny, minmay_tromino_mix6
D:2:      layout_loops_ring
D:3:      layout_basic, uniq_natasha
D:4:      layout_basic, gammafunk_ghost_mausoleum
D:5:      layout_basic, overflow_temple_1_default, nrook_campfire,
          chequers_serial_rivers_room_b, minmay_manual_monolith
D:6:      layout_loops_cross, uniq_edmund
D:7:      layout_gridville, kennysheep_mini_moat,
          minmay_temple_entry_mini_moons, uniq_menkaure, uniq_maggie, uniq_pikel
Temple:   regret_index_temple_chain_breaker

Skill      XL: |  1  2  3  4  5  6  7  8  9 |
---------------+----------------------------+-----
Conjurations   | 5 6 7 8 9 |  9.5
Spellcasting   | 3 4 6 7 |  7.3
Hexes          | 1 2 4 5 6 |  6.8
Maces & Flails | 5 |  5.2
Dodging        | 2 |  2.2
Fighting       | 1 |  1.1
Armour         | 1 |  1.0
Stealth        | |  1.7

Action                   |  1- 3 |  4- 6 |  7- 9 || total
-------------------------+-------+-------+-------++-------
Melee: Whip              |       |       |    15 ||    15
       Morningstar       |       |       |     4 ||     4
       Tailslap          |       |       |     3 ||     3
 Cast: Magic Dart        |    49 |    23 |     2 ||    74
       Searing Ray       |    14 |    37 |    32 ||    83
       Fulminant Prism   |       |     8 |    55 ||    63
Evoke: Wand              |       |     1 |       ||     1
  Use: Scroll            |       |     6 |     1 ||     7
Armor: Robe              |     1 |     2 |    32 ||    35
Dodge: Dodged            |     9 |     5 |    36 ||    50
